 Dungeon Crawl Stone Soup version 0.27-a0-920-gb2bd10914a (webtiles) character file.

Game seed: 2033320775109787794

8454 rjrrt the Cleaver (level 11, 0/99 HPs)
             Began as a Minotaur Berserker on Apr 9, 2021.
             Was an Elder of Trog.
             Succumbed to a killer bee's poison
             ... on level 10 of the Dungeon.
             The game lasted 00:19:10 (12016 turns).

rjrrt the Cleaver (Minotaur Berserker)             Turns: 12016, Time: 00:19:11

Health: 0/99       AC: 16    Str: 25    XL:     11   Next: 10%
Magic:  10/10      EV:  9    Int:  4    God:    Trog [****..]
Gold:   551        SH:  0    Dex: 10    Spells: 10/10 levels left

rFire    . . .     SeeInvis .   a - +3 hand axe
rCold    . . .     Faith    .   (no shield)
rNeg     . . .     Spirit   .   u - +1 plate armour
rPois    .         Reflect  .   (helmet restricted)
rElec    .         Harm     .   y - +0 cloak
rCorr    .         Rampage  .   (no gloves)
Will     .....                  (no boots)
Stlth    ..........             (no amulet)
HPRegen  0.26/turn              (no ring)
MPRegen  0.12/turn              (no ring)

@: lethally poisoned (0 -> -17)
A: horns 2, retaliatory headbutt
a: Renounce Religion, Berserk, Trog's Hand, Brothers in Arms


You were on level 10 of the Dungeon.
You worshipped Trog.
Trog was greatly pleased with you.
You visited 1 branch of the dungeon, and saw 10 of its levels.

You collected 576 gold pieces.
You spent 25 gold pieces at shops.

Inventory:

Hand Weapons
 a - a +3 hand axe (weapon)
 b - a +1 glaive of flaming
 d - a +0 whip of draining
Missiles
 s - 19 poisoned darts (quivered)
Armour
 u - a +1 plate armour (worn)
 y - a +0 cloak (worn)
Jewellery
 l - a ring of ice
 q - a +6 ring of dexterity
Wands
 m - a wand of iceblast (19)
 p - a wand of flame (64)
 r - a wand of digging (11)
 t - a wand of polymorph (9)
Scrolls
 c - a scroll of enchant weapon
 f - a scroll of silence
 h - a scroll of fear
 i - a scroll of holy word
 w - 4 scrolls of teleportation
Potions
 e - 4 potions of flight
 g - a potion of cancellation
 j - a potion of curing
 k - a potion of heal wounds {unknown}
 n - a potion of haste
 o - 3 potions of lignification
 v - a potion of invisibility {unknown}
 x - a potion of attraction {unknown}


   Skills:
 + Level 9.8 Fighting
 + Level 12.9 Axes
 + Level 9.3 Armour
 - Level 6.0 Dodging
 - Level 6.0 Evocations


You had 10 spell levels left.
You didn't know any spells.
Your spell library was empty.

Dungeon Overview and Level Annotations

Branches:
Dungeon (10/15)            Temple (0/1) D:4
   Lair: D:8-11         Orc: D:9-12

Altars:
Kikubaaqudgha

Shops:
D:4 *


Innate Abilities, Weirdness & Mutations

You have a pair of horns on your head.
You reflexively headbutt those who attack you in melee.


Message History

* * * LOW HITPOINT WARNING * * *
You feel very sick. The killer bee barely misses you. You furiously retaliate!
You headbutt the killer bee. You hit the queen bee. You headbutt the queen bee!
The queen bee is almost dead.
You miss the killer bee.
* * * LOW HITPOINT WARNING * * *
You feel very sick. The killer bee stings you.
* * * LOW HITPOINT WARNING * * *
The queen bee stings you!
* * * LOW HITPOINT WARNING * * *
You hit the queen bee.
You headbutt the queen bee, but do no damage.
The queen bee is almost dead.
You closely miss the killer bee.
* * * LOW HITPOINT WARNING * * *
You feel very sick. The killer bee closely misses you. You furiously retaliate!
You headbutt the killer bee!
You kill the killer bee!
Trog accepts your kill.
The queen bee stings you but does no damage.
You completely miss the queen bee.
The queen bee is almost dead.
You barely miss the killer bee.
* * * LOW HITPOINT WARNING * * *
You feel very sick.
The killer bee stings you but does no damage.
The killer bee stings you.
* * * LOW HITPOINT WARNING * * *
The queen bee calls on the killer bee to defend it!
The killer bee goes berserk!
Unknown command.
You closely miss the queen bee.
You headbutt the queen bee, but do no damage.
The queen bee is almost dead.
Your plate armour prevents you from hitting the killer bee.
You die...

#.# #)# ### #.######## #.# #.#
!!.†..#.# #.# #.# !.....#.# #.#
#.# .†....#.#
####.#####.######!...!.#.########
.........†......#yy†.. #.........
###############.#yyy ##########
#.#y# #.@y# #####


You could see a queen bee and 6 killer bees.

Vanquished Creatures
  2 centaur zombies
  Maurice (D:9)
  Maggie (D:7)
  2 trolls (D:9)
  A hornet (D:9)
  A shadow (D:9)
  Eustachio (D:4)
  Sigmund (D:5)
  5 yaks
  A steam dragon (D:6)
  Menkaure (D:5)
  Edmund (D:5)
  4 water moccasins
  Duvessa (D:7)
  A sky beast (D:7)
  An ice beast (D:7)
  2 black bears (D:10)
  2 necrophages
  3 ogres
  8 centaurs
  4 bullfrogs
  A wyvern zombie (D:6)
  5 scorpions
  Dowan (D:7)
  A wyvern skeleton (D:7)
  An oklob sapling (D:10)
  A water moccasin skeleton (D:7)
  23 killer bees
  4 wights (D:8)
  A vampire bat (D:6)
  A howler monkey (D:10)
  3 electric eels (D:6)
  A jelly (D:4)
  3 bullfrog zombies
  3 hounds
  5 orc priests
  A centaur skeleton (D:7)
  4 iguanas
  4 orc wizards
  Ijyb (D:3)
  Natasha (thrice) (D:3)
  A howler monkey zombie (D:7)
  Robin (D:3)
  11 adders
  A shadow imp (D:7)
  A white imp (D:8)
  A dart slug (D:1)
  11 orcs
  12 ball pythons
  6 bats
  3 bat skeletons (D:6)
  4 bat zombies (D:6)
  An endoplasm (D:3)
  A giant cockroach (D:1)
  15 goblins
  5 hobgoblins
  5 jackals
  8 kobolds
  3 quokkas
  4 frilled lizards
  2 rats
207 creatures vanquished.

Vanquished Creatures (others)
  20 fungi (D:10)
  44 plants
64 creatures vanquished.

Grand Total: 271 creatures vanquished

Notes
Turn   | Place    | Note
-------+----------+-------------------------------------------
     0 | D:1      | rjrrt the Minotaur Berserker began the quest for the Orb.
     0 | D:1      | Reached XP level 1. HP: 19/19 MP: 0/0
   115 | D:1      | Reached skill level 4 in Axes
   235 | D:1      | Reached XP level 2. HP: 22/26 MP: 1/1
   605 | D:1      | Reached skill level 5 in Axes
  1084 | D:2      | You fall into a shaft and drop 1 floor!
  1089 | D:3      | Reached ** piety under Trog
  1090 | D:3      | Reached XP level 3. HP: 28/31 MP: 2/2
  1158 | D:3      | Noticed Natasha
  1175 | D:3      | Killed Natasha
  1243 | D:3      | Noticed Natasha
  1251 | D:3      | Killed Natasha
  1252 | D:3      | Reached skill level 6 in Axes
  1252 | D:3      | Reached XP level 4. HP: 16/39 MP: 3/3
  1302 | D:3      | Noticed Natasha
  1491 | D:3      | Noticed Ijyb
  1513 | D:3      | Killed Ijyb
  1861 | D:2      | Reached skill level 7 in Axes
  1861 | D:2      | Reached XP level 5. HP: 39/45 MP: 4/4
  2216 | D:3      | Killed Natasha
  2278 | D:3      | Noticed Robin
  2289 | D:3      | Killed Robin
  2395 | D:3      | Found a faded altar of an unknown god.
  2643 | D:4      | Found a staircase to the Ecumenical Temple.
  2855 | D:4      | Noticed Eustachio
  2892 | D:4      | Killed Eustachio
  2893 | D:4      | Reached skill level 8 in Axes
  2893 | D:4      | Reached skill level 1 in Evocations
  2893 | D:4      | Reached XP level 6. HP: 19/52 MP: 5/5
  3216 | D:4      | Found Soyck's Assorted Antiques.
  3223 | D:4      | Bought a blue potion for 25 gold pieces
  3607 | D:5      | Entered Level 5 of the Dungeon
  3632 | D:5      | Reached XP level 7. HP: 60/60 MP: 6/6
  3979 | D:5      | Noticed Edmund
  3991 | D:5      | Killed Edmund
  4624 | D:5      | Noticed Menkaure
  4637 | D:5      | Killed Menkaure
  4638 | D:5      | Reached skill level 9 in Axes
  4916 | D:5      | Reached skill level 5 in Fighting
  5077 | D:5      | Noticed Sigmund
  5084 | D:5      | Killed Sigmund
  5085 | D:5      | Reached XP level 8. HP: 68/68 MP: 7/7
  5572 | D:6      | Reached skill level 5 in Armour
  5575 | D:6      | Reached skill level 10 in Axes
  5915 | D:6      | Reached *** piety under Trog
  5921 | D:6      | Reached skill level 5 in Dodging
  6036 | D:6      | Reached XP level 9. HP: 70/75 MP: 8/8
  6522 | D:6      | Found an ancient bone altar of Kikubaaqudgha.
  7535 | D:7      | Noticed Maggie
  7557 | D:7      | Killed Maggie
  7558 | D:7      | Reached skill level 11 in Axes
  7708 | D:7      | Noticed Duvessa
  7708 | D:7      | Noticed Dowan
  7716 | D:7      | Killed Duvessa
  7717 | D:7      | Killed Dowan
  8289 | D:8      | Reached XP level 10. HP: 80/86 MP: 9/9
  8694 | D:8      | Reached **** piety under Trog
  8701 | D:8      | Reached skill level 5 in Evocations
  9523 | D:9      | Reached skill level 12 in Axes
 10424 | D:9      | Noticed Maurice
 10437 | D:9      | Killed Maurice
 10645 | D:10     | Entered Level 10 of the Dungeon
 11367 | D:10     | HP: 1/91 [something (9)]
 11813 | D:10     | Reached XP level 11. HP: 81/97 MP: 10/10
 12015 | D:10     | HP: 1/99 [killer bee (4)]
 12016 | D:10     | Succumbed to a killer bee's poison

Illustrated notes

Levels and vault maps discovered:
D:1:      psy_arrival_spokes, layout_loops_ring, kennysheep_small_spiral,
          minmay_octomino_e4
D:2:      layout_loops_ring, minmay_misc_feat_five, minmay_indecisive_spiral
D:3:      layout_basic, ebering_ecumenical_altar_abandoned, uniq_robin,
          uniq_ijyb, uniq_natasha
D:4:      layout_basic, minmay_temple_entry_statues_pillars, serial_shops,
          nicolae_shop_trees, uniq_eustachio
D:5:      layout_basic, uniq_sigmund, uniq_edmund, uniq_menkaure
D:6:      layout_loops_corners, kennysheep_vampire_church, serial_rivers,
          chequers_serial_rivers_micro_c, chequers_serial_rivers_small_a,
          chequers_serial_rivers_marsh, chequers_serial_rivers_micro_c,
          grunt_ministairs_12, chequers_big_river, minmay_crystal_water,
          grunt_decor_arrowhead
D:7:      layout_basic, uniq_maggie, uniq_duvessa
D:8:      layout_basic
D:9:      layout_basic, uniq_maurice
D:10:     layout_small_grid, due_lair_maze_entry_diamond, special_room
          [special_room_bee], serial_shops, shop, introduction_to_nature_1

Skill      XL: |  1  2  3  4  5  6  7  8  9 10 |
---------------+-------------------------------+-----
Axes           | 4 5 6 7 8 9 10 11 12 | 12.9
Fighting       | 4 5 6 7 9 |  9.8
Armour         | 3 4 5 7 9 |  9.3
Evocations     | 1 2 3 4 6 |  6.0
Dodging        | 3 5 6 |  6.0

Action                   |  1- 3 |  4- 6 |  7- 9 | 10-12 || total
-------------------------+-------+-------+-------+-------++-------
Melee: Hand axe          |    48 |   137 |   213 |   282 ||   680
       Headbutt          |     7 |    25 |    57 |    63 ||   152
Invok: Berserk           |     3 |     2 |    12 |     7 ||    24
       Trog's Hand       |       |       |       |     1 ||     1
Evoke: Wand              |       |       |     8 |     6 ||    14
  Use: Scroll            |       |     6 |     8 |     5 ||    19
       Potion            |       |       |       |     3 ||     3
Armor: Scale mail        |    12 |       |       |       ||    12
       Chain mail        |     2 |    79 |     5 |       ||    86
       Plate armour      |       |       |   136 |   175 ||   311
Dodge: Dodged            |    34 |    62 |    82 |   127 ||   305

Table legend: (Time is in decaauts)
 A = Elapsed time spent in this place.
 B = Non-inter-level travel time spent in this place.
 C = Inter-level travel time spent in this place.
 D = Time resting spent in this place.
 E = Time spent auto-exploring this place.
 F = Levels seen in this place.
 G = Mean time per level.
                   A        B        C        D        E       F      G
               +--------+--------+--------+--------+--------+-----+--------+
         Total |  12115 |  11552 |    563 |   2643 |   6878 |  10 | 1211.5 |
       Dungeon |  12115 |  11552 |    563 |   2643 |   6878 |  10 | 1211.5 |
               +--------+--------+--------+--------+--------+-----+--------+

Top non-repeatable levels by time:
     D:5: 1993 daAuts
     D:6: 1587 daAuts
     D:9: 1485 daAuts
     D:8: 1382 daAuts
     D:4: 1160 daAuts
    D:10: 1038 daAuts
     D:1: 990 daAuts
     D:3: 914 daAuts
     D:7: 834 daAuts
     D:2: 728 daAuts
